 Dungeon Crawl Stone Soup version 0.28.0-43-g3370ac3207 (webtiles) character file.

Game seed: 12074654155490421622

1571 Destapler the Magician (level 8, -3/46 HPs)
             Began as a Deep Elf Hedge Wizard on Mar 4, 2022.
             Slain by a water moccasin (7 damage)
             ... on level 5 of the Dungeon on Mar 5, 2022.
             The game lasted 00:40:24 (10740 turns).

Destapler the Magician (Deep Elf Hedge Wizard)     Turns: 10740, Time: 00:40:25

Health: -3/46      AC:  4    Str:  7    XL:     8   Next: 59%
Magic:  11/18      EV: 14    Int: 22    God:
Gold:   337        SH:  5    Dex: 14    Spells: 7/18 levels left

rFire   . . .      SeeInvis .   a - +1 dagger (elec)
rCold   . . .      Faith    .   (no shield)
rNeg    . . .      Spirit   .   E - +0 robe
rPois   +          Reflect  +   c - +0 hat
rElec   .          Harm     .   x - +0 cloak
rCorr   .          Rampage  .   l - +0 pair of gloves
Will    .....                   (no boots)
Stlth   +++.......              h - amulet of reflection
HPRegen 0.15/turn               n - ring of poison resistance
MPRegen 0.16/turn               q - ring of wizardry

@: on blink cooldown
A: no striking features
a: no special abilities


You were on level 5 of the Dungeon.
You visited 1 branch of the dungeon, and saw 6 of its levels.
You also visited: Ossuary.

You collected 337 gold pieces.

Inventory:

Hand Weapons
 a - a +1 dagger of electrocution (weapon)
 b - a +1 dagger of venom
Armour
 c - a +0 hat (worn)
 l - a +0 pair of gloves (worn)
 x - a +0 cloak (worn)
 E - a +0 robe (worn)
Jewellery
 h - an amulet of reflection (around neck)
 n - a ring of poison resistance (left hand)
 q - a ring of wizardry (right hand)
 s - a ring of willpower
Wands
 u - a wand of mindburst (13)
 y - a wand of acid (12)
Scrolls
 m - 2 scrolls of teleportation
 o - 2 scrolls of fog
 p - a scroll of brand weapon {unknown}
 B - 3 scrolls of magic mapping {unknown}
 C - a scroll of enchant armour {unknown}
 F - a scroll of vulnerability {unknown}
 G - a scroll of fear {unknown}
Potions
 d - a potion of haste {unknown}
 e - 2 potions of lignification {unknown}
 f - 2 potions of attraction {unknown}
 i - 3 potions of berserk rage
 j - 2 potions of magic {unknown}
 t - 3 potions of curing
 w - 2 potions of brilliance {unknown}
 z - a potion of might {unknown}
 A - a potion of flight {unknown}
 H - a potion of heal wounds {unknown}


   Skills:
 + Level 3.3 Fighting
 + Level 2.3 Short Blades
 - Level 2.0 Armour
 - Level 5.0 Dodging
 - Level 4.0 Stealth
 + Level 5.6 Spellcasting
 + Level 3.7 Conjurations
 * Level 4.2 Summonings
 + Level 4.1 Translocations
 + Level 2.3 Air Magic
 - Level 3.0 Poison Magic


You had 7 spell levels left.
You knew the following spells:

 Your Spells              Type           Power      Damage    Failure   Level
a - Magic Dart            Conj           88%        1d7       1%          1
b - Mephitic Cloud        Conj/Pois/Air  19%        N/A       3%          3
c - Gell's Gravitas       Tloc           24%        N/A       2%          3
i - Call Imp              Summ           25%        N/A       1%          2
B - Blink                 Tloc           48%        N/A       1%          2

Your spell library contained the following spells:

 Spells                   Type           Power      Damage    Failure   Level
 Lesser Beckoning         Tloc           24%        N/A       2%          3
 Teleport Other           Tloc           24%        N/A       2%          3
 Slow                     Hex            24%        N/A       4%          1
 Conjure Flame            Conj/Fire      14%        6-21      5%          3


Dungeon Overview and Level Annotations

Branches:
Dungeon (6/15)             Temple (0/1) D:5         Ossuary (visited)

Altars:
Elyvilon
Nemelex Xobeh
Trog

Shops:
D:6 !


Message History

The magic dart hits the water moccasin.
The water moccasin is moderately wounded.
You feel sick. The water moccasin bites you.
* * * LOW HITPOINT WARNING * * *
Your crimson imp hits the adder.
The water moccasin misses you.
Casting: Magic Dart (safe; 1% risk of failure)
Confirm with . or Enter, or press ? or * to list all spells.
Aiming: Magic Dart (safe; 1% risk of failure)
Press: ? - help, Shift-Dir - straight line, f/p - water moccasin
Aim: a water moccasin (moderately wounded, ally target, 100% to hit)
The magic dart hits the water moccasin but does no damage.
The water moccasin is moderately wounded.
You feel sick.
Your crimson imp disappears in a puff of smoke!
The water moccasin completely misses you.
You feel better. You block the water moccasin's attack.
The water moccasin bites you but does no damage.
The water moccasin closely misses you. The water moccasin bites you!
* * * LOW HITPOINT WARNING * * *
You block the water moccasin's attack. The water moccasin barely misses you.
The water moccasin bites you.
* * * LOW HITPOINT WARNING * * *
The water moccasin closely misses you. The adder misses you.
There is a stone staircase leading up here.
The water moccasin barely misses you. The adder bites you but does no damage.
The water moccasin bites you.
* * * LOW HITPOINT WARNING * * *
You climb upwards.
There is a stone staircase leading down here.
Casting: Magic Dart (safe; 1% risk of failure)
Confirm with . or Enter, or press ? or * to list all spells.
You blink.
The water moccasin barely misses you.
Casting: Blink (safe; 1% risk of failure)
Confirm with . or Enter, or press ? or * to list all spells.
You are still too unstable to blink.
The water moccasin bites you!
You die...

............#######.#
############# #.# #
#.# # #.# ###### #.#
.[..># #.# ##...# #.#
##.#.##############ยง#
#...........<..@SS.#
#....###############
#....# ##...# #####


You could see a water moccasin and an adder.

Vanquished Creatures
  Pikel (D:4)
  An ogre (D:3)
  2 lemures
  2 water moccasin zombies (Ossuary)
  A bullfrog zombie (D:5)
  2 centaur skeletons
  Crazy Yiuf (D:4)
  2 centaur zombies
  Jessica (D:3)
  3 iguanas (D:5)
  An orc wizard (D:6)
  A killer bee zombie (D:6)
  A mummy (Ossuary)
  2 hound skeletons (D:4)
  4 adders
  An ufetubus (D:5)
  10 adder zombies
  An adder skeleton (D:4)
  2 worms (D:3)
  2 dart slugs (D:1)
  9 orcs
  6 ball pythons
  5 endoplasms
  3 gnoll zombies (Ossuary)
  8 goblins
  8 hobgoblins
  2 jackals (D:1)
  7 quokkas
  3 bats (D:1)
  6 frilled lizards
  7 hobgoblin zombies (Ossuary)
  8 kobolds
  3 kobold zombies (Ossuary)
  5 orc zombies (Ossuary)
  A quokka skeleton (D:4)
  8 rats
130 creatures vanquished.

Vanquished Creatures (collateral kills)
  2 ogres
  A lemure (D:3)
  A human zombie (D:5)
  2 bullfrog zombies
  A hound (D:5)
  A hound zombie (D:4)
  A mummy (Ossuary)
  A howler monkey zombie (D:5)
  An ufetubus (D:5)
  2 dart slugs
  An orc (D:3)
  2 endoplasms
  2 hobgoblins (D:3)
  A kobold (D:2)
  A jackal zombie (D:4)
20 creatures vanquished.

Grand Total: 150 creatures vanquished

Notes
Turn   | Place    | Note
-------+----------+-------------------------------------------
     0 | D:1      | Destapler the Deep Elf Hedge Wizard began the quest for the
                  | Orb.
     0 | D:1      | Reached XP level 1. HP: 10/10 MP: 7/7
   371 | D:1      | Reached XP level 2. HP: 16/16 MP: 4/9
   574 | D:1      | Learned a level 2 spell: Blink
   577 | D:1      | Learned a level 2 spell: Call Imp
   778 | D:1      | Reached skill level 1 in Fighting
  1135 | D:1      | Reached XP level 3. HP: 20/20 MP: 11/11
  1343 | D:1      | You fall into a shaft and drop 1 floor!
  2926 | D:3      | Reached XP level 4. HP: 25/25 MP: 3/12
  3008 | D:3      | Found a faded altar of an unknown god.
  3098 | D:3      | Noticed Jessica
  3108 | D:3      | Killed Jessica
  3442 | D:3      | Found a bloodstained altar of Trog.
  3494 | D:3      | Found a white marble altar of Elyvilon.
  3607 | D:3      | Reached skill level 5 in Spellcasting
  4139 | D:3      | Found a sparkling altar of Nemelex Xobeh.
  4211 | D:4      | Noticed an ogre
  4287 | D:4      | Noticed an ogre
  4459 | D:3      | Found a faded altar of an unknown god.
  4669 | D:3      | Found a bloodstained altar of Trog.
  4669 | D:3      | Found a white marble altar of Elyvilon.
  4736 | D:3      | Killed an ogre
  4737 | D:3      | Reached XP level 5. HP: 20/30 MP: 7/14
  4955 | D:3      | Found a sparkling altar of Nemelex Xobeh.
  5280 | D:4      | Reached XP level 6. HP: 35/36 MP: 4/15
  5384 | D:4      | Noticed Pikel
  6027 | D:4      | Learned a level 3 spell: Mephitic Cloud
  6421 | D:3      | Learned a level 3 spell: Gell's Gravitas
  6823 | D:4      | Killed Pikel
  6824 | D:4      | Reached skill level 1 in Short Blades
  6824 | D:4      | Reached skill level 1 in Armour
  6824 | D:4      | Reached skill level 1 in Air Magic
  6824 | D:4      | Reached XP level 7. HP: 41/41 MP: 11/16
  7073 | D:4      | Found a runed translucent door.
  7887 | D:4      | Noticed Crazy Yiuf
  7898 | D:4      | Killed Crazy Yiuf
  8183 | D:4      | Reached XP level 8. HP: 46/46 MP: 8/17
  8240 | D:5      | Entered Level 5 of the Dungeon
  8397 | D:5      | Found a sand-covered staircase.
  8585 | Ossuary  | Entered an ossuary
  9847 | D:5      | Found a staircase to the Ecumenical Temple.
 10510 | D:6      | Reached skill level 5 in Dodging
 10698 | D:6      | Found Patsil's Distillery.
 10740 | D:5      | Slain by a water moccasin

Illustrated notes

Levels and vault maps discovered:
D:1:      wheals_arrival_linesprint, layout_basic
D:2:      layout_rooms, serial_bayou_lagoon_a, solitary_fountain
D:3:      minmay_chambers_of_twos, layout_loops_cross,
          mainiacjoe_overflow_big_doors, marbit_many_paths,
          shapermc_ecumenical_altar_ellora, uniq_jessica
D:4:      layout_rooms, serial_undead, serial_undead_e, serial_undead_a,
          serial_undead_b, serial_undead_e, uniq_crazy_yiuf_cottage, uniq_pikel
D:5:      layout_loops_ring, minmay_temple_entry_tees, enter_ossuary_3
D:6:      layout_loops_ring, kennysheep_windowed_goal

Skill      XL: |  1  2  3  4  5  6  7  8 |
---------------+-------------------------+-----
Fighting       | 1 2 3 |  3.3
Dodging        | 3 4 5 |  5.0
Stealth        | 3 4 |  4.0
Spellcasting   | 5 |  5.6
Translocations | 2 3 4 |  4.1
Conjurations   | 2 3 |  3.7
Summonings     | 2 3 4 |  4.2
Short Blades   | 1 2 |  2.3
Armour         | 1 2 |  2.0
Air Magic      | 1 2 |  2.3
Poison Magic   | 2 3 |  3.0

Action                   |  1- 3 |  4- 6 |  7- 9 || total
-------------------------+-------+-------+-------++-------
Melee: Dagger            |    22 |    23 |   125 ||   170
       Punch             |       |       |     3 ||     3
 Cast: Magic Dart        |    89 |   145 |   173 ||   407
       Call Imp          |     5 |    25 |    63 ||    93
       Blink             |       |     2 |     1 ||     3
       Mephitic Cloud    |       |     3 |       ||     3
       Gell's Gravitas   |       |     1 |     1 ||     2
  Use: Scroll            |       |       |    10 ||    10
       Potion            |       |       |     2 ||     2
 Stab: Sleeping          |     7 |     1 |     3 ||    11
       Confused          |       |     3 |       ||     3
       Distracted        |       |       |     1 ||     1
Armor: Robe              |     5 |    16 |    26 ||    47
Dodge: Dodged            |    18 |    66 |   132 ||   216
Block: Other             |       |    22 |    56 ||    78
       Reflection        |       |       |     1 ||     1
